AoeStats
← Redhead

MegaRandom

508712558Analyzed
3v3 RM · 8d ago on Sep 23, 2026· 24m 9s· 6 players
Game mode
Random Map
Map size
Normal (6 player)
Population
200
Speed
Normal
Resources
Standard
Victory
Conquest
Starting age
Dark Age
Ending age
Imperial Age
RankedLock teamsTeams togetherTeam positionsShared explorationLock speedFull tech treeHidden civsTurbo modeCheats
Victory
Defeat
🇳🇱 Ethiopians · Netherlands
1157
+15
🇳🇱 Franks · Netherlands
1152
+15
🇳🇱 Magyars · Netherlands
1149
+14
🇨🇱 Cumans · Chile
1142
-15
🇫🇷 Franks · France
1138
-15
🇫🇷 Spanish · France
1100
-14
Thanos_Car
3:41 Loom
14:34 Feudal Age
14:59 Double-Bit Axe
15:21 Horse Collar
17:53 Wheelbarrow
24:38 Castle Age
El-Ziston
8:14 Loom
17:30 Feudal Age
Kaila
12:31 Feudal Age
18:16 Castle Age
Victor
13:09 Feudal Age
18:58 Castle Age
24:15 Corvinian Army
Kees Harakir!
4:49 Loom
14:52 Feudal Age
16:16 Fletching
22:35 Castle Age
21:05 Padded Archer Armor
22:40 Forging
24:04 Horse Collar
24:11 Double-Bit Axe
24:26 Bodkin Arrow
Redhead
13:20 Feudal Age
14:22 Loom
18:45 Castle Age
17:10 Scale Barding Armor
17:16 Forging
17:49 Town Watch
18:40 Wheelbarrow
19:31 Husbandry
Connection lost

Rejoining the realm…

Still unreachable

The connection could not be restored.

Session expired

The server has moved on; the page needs a fresh start.